 Dungeon Crawl Stone Soup version 0.18.1-48-g4cf74bf (webtiles) character file.

12031 Gargoyl the Cleaver (level 11, -3/89 HPs)
             Began as a Demonspawn Abyssal Knight on July 25, 2016.
             Was the Champion of Lugonu.
             Slain by an orc warlord
             ... wielding a +2 great mace of protection
              (26 damage)
             ... on level 2 of the Orcish Mines.
             The game lasted 00:27:21 (11780 turns).

Gargoyl the Cleaver (Demonspawn Abyssal Knight)    Turns: 11780, Time: 00:27:21

Health: -3/89      AC: 26    Str: 16    XL:     11   Next: 57%
Magic:  13/13      EV: 13    Int: 18    God:    Lugonu [******]
Gold:   821        SH:  0    Dex: 12    Spells: 0 memorised, 10 levels left

rFire  . . .     SeeInvis +     b - +3 war axe (venom)
rCold  . . .     Gourm    .     d - +6 scale mail of the Crown {Int+4}
rNeg   . . .     Faith    +     (no shield)
rPois  .         Spirit   .     y - +1 helmet
rElec  .         Dismiss  .     o - +2 cloak
rCorr  .         Reflect  .     w - +1 pair of gloves
SustAt .         Harm     .     u - +0 pair of boots
MR     +....                    p - amulet of faith
Stlth  +.........               F - ring of see invisible
                                K - ring of protection from magic

@: somewhat resistant to hostile enchantments, very unstealthy
A: hooves 2, thin metallic scales 2, demonic guardian 2
a: Depart the Abyss, Bend Space, Banish, Corrupt, Enter the Abyss, Brand Weapon
With Distortion, Renounce Religion


You were on level 2 of the Orcish Mines.
You worshipped Lugonu.
Lugonu was exalted by your worship.
You were not hungry.

You visited 2 branches of the dungeon, and saw 12 of its levels.
You visited the Abyss 1 time.

You collected 1186 gold pieces.
You spent 365 gold pieces at shops.

Inventory:

Hand Weapons
 b - a +3 war axe of venom (weapon)
 k - a +1 hand axe of electrocution
Missiles
 j - 15 tomahawks (quivered)
Armour
 d - the +6 scale mail of the Crown (worn) {Int+4}
   (You found it on level 2 of the Abyss)

   It affects your intelligence (+4).
 o - a +2 cloak (worn)
 u - a +0 pair of boots (worn)
 w - a +1 pair of gloves (worn)
 y - a +1 helmet (worn)
Jewellery
 p - an amulet of faith (around neck)
 F - a ring of see invisible (right hand)
 G - an uncursed ring of positive energy
 K - a ring of protection from magic (left hand)
Wands
 n - a wand of paralysis (12/24)
 A - a wand of iceblast (4/15)
 D - a wand of confusion (31/48)
Scrolls
 a - a scroll of magic mapping
 g - 2 scrolls of recharging
 i - 2 scrolls of remove curse
 m - 2 scrolls of blinking
 x - 7 scrolls of teleportation
Potions
 f - 2 potions of magic {unknown}
 h - 3 potions of brilliance {unknown}
 l - 8 potions of curing
 r - 2 potions of degeneration {unknown}
 t - a potion of haste {unknown}
 z - a potion of berserk rage {unknown}
 B - 2 potions of cure mutation {unknown}
 C - a potion of might {unknown}
 E - 2 potions of cancellation {unknown}
 H - a potion of agility {unknown}
 I - a potion of lignification {unknown}
Comestibles
 c - 9 bread rations
 q - a beef jerky
 s - 3 meat rations


   Skills:
 + Level 9.0 Fighting
 + Level 9.8 Axes
 + Level 0.5 Throwing
 + Level 7.8 Armour
 + Level 8.3 Dodging
 + Level 3.7 Stealth
 + Level 2.7 Invocations


You had 10 spell levels left.
You didn't know any spells.

Dungeon Overview and Level Annotations

Branches:
Dungeon (10/15)            Temple (0/1) D:7            Lair (0/8) D:9
    Orc (2/2) D:9             Elf (0/3) Orc:2

Altars:
Ashenzari
Nemelex Xobeh
Sif Muna
Vehumet

Shops:
D:4 ?   D:5 %   D:10 ?


Innate Abilities, Weirdness & Mutations

You have hoof-like feet.
You are mostly covered in thin metallic scales (AC +3).
A demonic guardian rushes to your aid.


Message History

The orc warrior dies!
Lugonu accepts your kill.
You slash the orc warlord!
The orc warlord is poisoned.
The orc warlord is lightly wounded.
You barely miss the orc warrior.
The orc warrior is moderately wounded.
The orc warlord hits you with a great mace of protection!
* * * LOW HITPOINT WARNING * * *
The orc wizard gestures wildly while chanting.
The orc wizard blinks!
The orc warrior hits you but does no damage.
The orc warrior hits you with a short sword!
* * * LOW HITPOINT WARNING * * *
Your soul eater barely misses the orc warlord.
Your soul eater hits the orc warrior.
Unknown command.
Drink which item? (? for menu, Esc to quit)
You feel much better.
The orc warlord hits you with a great mace of protection!!
You die... #........#... #............ ............ ........... # oo).......

# #o)3...... #
#ooo...... #
##o....... #+###
##.@....... ....
#.......... #.
##.......... #.
#............ #.
##........... #.
#............######)
##..................
##...................
#.................###


You could see an orc warlord, 2 orc warriors, an orc priest, 3 orcs and a
friendly soul eater.

Vanquished Creatures
  An orc high priest (Orc:2)
  An orc sorcerer (Orc:1)
  Psyche (D:10)
  The ghost of maxonian the Shield-Bearer, a novice OpEn (D:4)
  6 trolls
  Prince Ribbit (D:8)
  A two-headed ogre (D:8)
  3 yaks (D:7)
  A hippogriff (D:8)
  A hungry ghost (D:10)
  Menkaure (D:4)
  5 wargs (Orc:2)
  6 orc warriors
  2 ice beasts (D:7)
  A black bear (D:7)
  2 phantoms
  3 necrophages
  2 sky beasts (D:10)
  3 centaurs
  13 ogres
  A giant frog (D:7)
  Blork the orc (D:4)
  A wyvern skeleton (D:10)
  A water moccasin skeleton (D:7)
  3 scorpions
  3 wights (D:10)
  2 crimson imps
  5 howler monkeys
  4 hounds
  A quasit (D:10)
  2 giant frog zombies (D:4)
  Crazy Yiuf (D:4)
  9 orc priests
  3 centaur skeletons
  6 iguanas
  10 orc wizards
  3 worker ants
  4 hound skeletons (D:4)
  3 hound zombies
  A howler monkey zombie (D:6)
  Robin (D:4)
  5 worker ant zombies
  9 adders
  14 gnolls
  2 shadow imps
  An ooze (D:5)
  2 adder skeletons
  3 worms
  6 dart slugs
  5 giant geckos
  38 orcs
  3 bats
  3 giant cockroaches
  7 hobgoblins
  5 jackals (D:8)
  3 quokkas
  3 ball pythons
  A giant gecko skeleton (D:7)
  A giant gecko zombie (D:4)
  7 giant newts
  15 goblins
  3 jackal skeletons
  A jackal zombie (D:4)
  2 kobolds
  A quokka skeleton (D:4)
  5 rats
265 creatures vanquished.

Vanquished Creatures (collateral kills)
  2 orc high priests (Orc:2)
  The ghost of krepi the Protected, a novice MiFi of the Shining One (D:7)
  A hill giant (D:9)
  An oklob plant (D:6)
  An orc sorcerer (Orc:2)
  A centaur zombie (D:10)
  2 two-headed ogres
  Sigmund (D:4)
  A warg (Orc:2)
  An ice beast (D:7)
  3 orc warriors
  A phantom (D:6)
  An ogre (D:4)
  A scorpion (D:4)
  A crimson imp (D:6)
  An orc priest (Orc:2)
  An iguana (D:4)
  2 adders
  A worm (D:4)
  10 orcs
34 creatures vanquished.

Vanquished Creatures (others)
  An orc wizard (D:7)
1 creature vanquished.

Grand Total: 300 creatures vanquished

Notes
Turn   | Place    | Note
--------------------------------------------------------------
     0 | Abyss:1  | Gargoyl the Demonspawn Abyssal Knight began the quest for the Orb.
     0 | Abyss:1  | Reached XP level 1. HP: 18/18 MP: 2/2
    40 | Abyss:2  | Got a twisted scale mail
    48 | Abyss:2  | Noticed a flying skull
    51 | Abyss:2  | Identified the +6 scale mail of the Crown {Int+4} (You found it on level 2 of the Abyss)
    54 | D:1      | Escaped the Abyss
   337 | D:1      | Gained mutation: You are partially covered in thin metallic scales (AC +2). [demonic ancestry]
   337 | D:1      | Reached XP level 2. HP: 17/24 MP: 3/3
   971 | D:1      | Reached * piety under Lugonu
  1134 | D:2      | Reached skill level 1 in Dodging
  1351 | D:2      | Gained mutation: You are mostly covered in thin metallic scales (AC +3). [demonic ancestry]
  1351 | D:2      | Reached XP level 3. HP: 29/29 MP: 5/5
  1826 | D:3      | Gained mutation: You have large cloven feet. [demonic ancestry]
  1826 | D:3      | Reached XP level 4. HP: 27/36 MP: 6/6
  2348 | D:3      | Reached ** piety under Lugonu
  2357 | D:3      | Reached skill level 1 in Stealth
  2364 | D:3      | Gained mutation: A weak demonic guardian rushes to your aid. [demonic ancestry]
  2364 | D:3      | Reached XP level 5. HP: 27/42 MP: 7/7
  2643 | D:4      | Noticed Blork the orc
  2652 | D:4      | Killed Blork the orc
  2679 | D:4      | Noticed Menkaure
  2694 | D:4      | Reached XP level 6. HP: 21/48 MP: 8/8
  2699 | D:4      | Killed Menkaure
  2801 | D:4      | Noticed maxonian's ghost (novice OpEn)
  2804 | D:5      | Entered Level 5 of the Dungeon
  2805 | D:5      | Found Suufuac's Food Emporium.
  2949 | D:4      | Killed maxonian's ghost
  2949 | D:4      | Gained mutation: A demonic guardian rushes to your aid. [demonic ancestry]
  2949 | D:4      | Reached XP level 7. HP: 38/55 MP: 9/9
  2952 | D:4      | Reached *** piety under Lugonu
  3041 | D:4      | Noticed Sigmund
  3051 | D:4      | Killed Sigmund
  3206 | D:4      | Found a radiant altar of Vehumet.
  3339 | D:4      | Found Jeuhasi's Magic Scroll Emporium.
  3399 | D:4      | Noticed Robin
  3422 | D:4      | Killed Robin
  3653 | D:4      | Reached **** piety under Lugonu
  3738 | D:4      | Gained mutation: You have hoof-like feet. [demonic ancestry]
  3738 | D:4      | Reached XP level 8. HP: 55/61 MP: 10/10
  3890 | D:4      | Reached skill level 5 in Fighting
  3890 | D:4      | Reached skill level 5 in Axes
  3997 | D:4      | Noticed Crazy Yiuf
  4013 | D:4      | Killed Crazy Yiuf
  4870 | D:5      | Reached skill level 5 in Armour
  4902 | D:5      | Found a shattered altar of Ashenzari.
  5093 | D:6      | Noticed an oklob plant
  5225 | D:4      | Bought a scroll of brand weapon for 260 gold pieces
  5271 | D:6      | Reached ***** piety under Lugonu
  5653 | D:6      | Reached XP level 9. HP: 69/69 MP: 11/11
  5986 | D:6      | Found a sparkling altar of Nemelex Xobeh.
  5994 | D:6      | Killed an oklob plant
  5994 | D:6      | Reached skill level 5 in Dodging
  6114 | D:7      | Noticed krepi's ghost (novice MiFi)
  6120 | D:7      | Killed krepi's ghost
  6602 | D:7      | Found a staircase to the Ecumenical Temple.
  6955 | D:7      | Found a deep blue altar of Sif Muna.
  6960 | D:7      | Reached XP level 10. HP: 79/79 MP: 12/12
  7598 | D:8      | Noticed Prince Ribbit
  7617 | D:8      | Killed Prince Ribbit
  8245 | D:9      | Noticed a hill giant
  8253 | D:9      | Killed a hill giant
  8254 | D:9      | Found a staircase to the Orcish Mines.
  8346 | D:9      | Found a staircase to the Lair.
  8792 | D:10     | Entered Level 10 of the Dungeon
  8815 | D:10     | Noticed Psyche
  8821 | D:10     | Killed Psyche
  9189 | D:10     | Reached ****** piety under Lugonu
  9538 | D:10     | Found Atupe's Magic Scroll Shoppe.
  9541 | D:10     | Bought a scroll of enchant weapon for 105 gold pieces
  9769 | Orc:1    | Entered Level 1 of the Orcish Mines
  9777 | Orc:1    | Noticed an orc sorcerer
  9786 | Orc:1    | Killed an orc sorcerer
  9786 | Orc:1    | Reached XP level 11. HP: 55/87 MP: 13/13
 10575 | Orc:2    | Entered Level 2 of the Orcish Mines
 10635 | Orc:2    | Noticed an orc high priest
 10636 | Orc:2    | Noticed an orc high priest
 10637 | Orc:2    | Noticed an orc high priest
 10641 | Orc:2    | Killed an orc high priest
 11184 | Orc:2    | Killed an orc high priest
 11304 | Orc:2    | Noticed an orc sorcerer
 11311 | Orc:2    | Killed an orc sorcerer
 11575 | Orc:2    | Found a staircase to the Elven Halls.
 11712 | Orc:2    | Killed an orc high priest
 11769 | Orc:2    | Noticed an orc warlord
 11780 | Orc:2    | Slain by an orc warlord

Skill      XL: |  1  2  3  4  5  6  7  8  9 10 11 |
---------------+----------------------------------+-----
Armour         | 2 3 4 5 6 7 |  7.8
Axes           | 2 3 4 6 7 8 9 |  9.8
Dodging        | 1 2 3 4 6 7 8 |  8.3
Stealth        | 1 2 3 |  3.7
Fighting       | 4 6 7 8 9 |  9.0
Throwing       | |  0.5
Invocations    | |  2.7

Action                   |  1- 3 |  4- 6 |  7- 9 | 10-12 || total
-------------------------+-------+-------+-------+-------++-------
Melee: Hand axe          |   119 |    96 |   234 |       ||   449
       Kick              |       |     4 |       |       ||     4
       War axe           |       |       |   206 |   390 ||   596
Throw: Tomahawk          |       |       |       |     4 ||     4
Invok: Depart the Abyss  |     1 |       |       |       ||     1
  Use: Scroll            |     3 |       |    17 |     6 ||    26
       Potion            |       |       |     1 |     1 ||     2
 Stab: Distracted        |       |     2 |       |     2 ||     4
  Eat: Chunk             |     3 |     4 |    12 |    14 ||    33
       Pizza             |       |       |     1 |     1 ||     2
       Meat ration       |       |       |       |     1 ||     1
Armor: Plate armour      |    23 |       |       |       ||    23
       Scale mail        |    48 |    73 |   326 |   280 ||   727
Dodge: Dodged            |    47 |    77 |   290 |   307 ||   721
